 Dungeon Crawl Stone Soup version 0.21-a0-104-g7b58145 (webtiles) character file.

802 KristoblXynda the Charlatan (level 7, 0/51 HPs)
             Began as a Demigod Artificer on July 5, 2017.
             Shot with an arrow by a centaur (13 damage)
             ... on level 5 of the Dungeon.
             The game lasted 00:17:49 (6268 turns).

KristoblXynda the Charlatan (Demigod Artificer)     Turns: 6268, Time: 00:17:49

Health: 0/51       AC:  7    Str: 17    XL:     7   Next: 33%
Magic:  14/14      EV: 12    Int: 17    God:
Gold:   196        SH:  0    Dex: 19    Spells: 6/6 levels left

rFire    . . .     SeeInvis .   a - +0 short sword
rCold    + . .     Gourm    .   (no shield)
rNeg     . . .     Faith    .   b - +0 leather armour
rPois    .         Spirit   .   (no helmet)
rElec    .         Reflect  .   r - +1 cloak
rCorr    .         Harm     .   i - +1 pair of gloves
MR       .....                  (no boots)
Stlth    +++.......             (no amulet)
HPRegen  0.17/turn              u - ring of protection from cold
MPRegen  0.14/turn              n - +3 ring of dexterity

@: no status effects
A: high mp 1
a: no special abilities


You were on level 5 of the Dungeon.
You were not hungry.

You visited 1 branch of the dungeon, and saw 5 of its levels.

You collected 196 gold pieces.

Inventory:

Hand Weapons
 a - a +0 short sword (weapon)
 q - a +1 whip of holy wrath
Missiles
 v - a throwing net (quivered)
Armour
 b - a +0 leather armour (worn)
 i - a +1 pair of gloves (worn)
 r - a +1 cloak (worn)
Jewellery
 n - a +3 ring of dexterity (right hand)
 u - a ring of protection from cold (left hand)
Wands
 c - a wand of flame (9/48)
 d - a wand of enslavement (3/24)
 e - a wand of random effects (4/48)
Scrolls
 g - a scroll of identify
 h - 2 scrolls of blinking
 k - a scroll of enchant armour
 l - 4 scrolls of teleportation
Potions
 j - a potion of cancellation
 t - a potion of agility
 z - a potion of brilliance
 B - a potion of flight
 C - a potion of might
Comestibles
 f - 2 bread rations
 x - a meat ration


   Skills:
 - Level 0.8 Fighting
 + Level 4.4 Short Blades
   Level 0.1 Staves
 - Level 2.0 Dodging
 + Level 4.5 Stealth
 + Level 5.3 Evocations


You had 6 spell levels left.
You didn't know any spells.

Dungeon Overview and Level Annotations

Branches:
Dungeon (5/15)
 Temple: D:4-7

Shops:
D:4 !


Innate Abilities, Weirdness & Mutations

You have an increased reservoir of magic. (+10% MP)


Message History

h - 2 scrolls of blinking (gained 1)
A centaur comes into view.
There are no items here.
The centaur shouts!
The centaur wields a shortbow.
The centaur shoots an arrow.
The arrow hits you.
The crimson imp shouts, "Get thee gone, thou puny weather-bitten death-token!"
You see here an arrow.
There is an open door here.
The crimson imp blinks!
The crimson imp blinks!
The centaur shoots an arrow.
The arrow hits you but does no damage.
You see here an arrow.
The centaur shoots an arrow.
The arrow hits you.
You see here an arrow.
The centaur shoots an arrow.
The arrow hits you.
* * * LOW HITPOINT WARNING * * *
You see here an arrow.
The centaur shoots an arrow.
The arrow misses you.
The centaur shoots an arrow.
The arrow hits you!
You die...

#.........#.............
#.........#.............
#.........#.............
#.........#......<......
#.........#.............
#.(.......#...###..#####
..>...#c########...###..#
......#...................
..... #...(.@(5(...........
..... #.......(.............
.c....###..(†####+####..####
#'#.....#..>.#### #+
#.....)†......#
#.....#.......#
#.....#.......#
#.....#......##
#.....#####+##


You could see a centaur and a crimson imp.

Vanquished Creatures
  An ogre (D:3)
  A centaur (D:5)
  A scorpion (D:4)
  2 howler monkeys
  Crazy Yiuf (D:2)
  A hound (D:2)
  An orc priest (D:3)
  An orc wizard (D:4)
  Terence (D:3)
  Jessica (D:3)
  2 worker ants (D:4)
  An iguana (D:4)
  A hound skeleton (D:5)
  5 gnolls
  4 adders
  2 oozes
  3 worms
  A dart slug (D:1)
  5 leopard geckos
  10 orcs
  4 giant cockroaches
  10 goblins
  8 hobgoblins
  13 jackals
  2 quokkas
  2 ball pythons
  7 bats
  3 frilled lizards
  11 kobolds
  6 rats
111 creatures vanquished.

Vanquished Creatures (collateral kills)
  3 gnolls
3 creatures vanquished.

Vanquished Creatures (others)
  A hound (D:4)
  2 worker ants (D:4)
  2 gnolls
  An orc (D:3)
  A rat (D:3)
7 creatures vanquished.

Grand Total: 121 creatures vanquished

Notes
Turn   | Place    | Note
-------+----------+-------------------------------------------
     0 | D:1      | KristoblXynda the Demigod Artificer began the quest for the Orb.
     0 | D:1      | Reached XP level 1. HP: 15/15 MP: 5/5
    27 | D:1      | Reached skill level 1 in Short Blades
    62 | D:1      | Reached skill level 1 in Stealth
   287 | D:1      | Reached skill level 3 in Evocations
   327 | D:1      | Reached XP level 2. HP: 16/22 MP: 6/6
  1197 | D:2      | Reached XP level 3. HP: 25/27 MP: 7/7
  1624 | D:2      | Found a runed door.
  1628 | D:2      | Noticed Crazy Yiuf
  1632 | D:2      | Killed Crazy Yiuf
  1855 | D:2      | Reached XP level 4. HP: 31/34 MP: 9/9
  2735 | D:3      | Noticed an ogre
  2766 | D:3      | Killed an ogre
  2766 | D:3      | Reached skill level 4 in Evocations
  2766 | D:3      | Reached XP level 5. HP: 39/39 MP: 10/10
  3113 | D:3      | Noticed Jessica
  3115 | D:3      | Killed Jessica
  3635 | D:3      | Reached XP level 6. HP: 15/46 MP: 12/12
  3962 | D:3      | Noticed Terence
  4023 | D:3      | Killed Terence
  4677 | D:4      | Found Ypsag's Distillery.
  5550 | D:4      | Reached skill level 5 in Evocations
  5550 | D:4      | Reached XP level 7. HP: 51/51 MP: 13/13
  5788 | D:4      | Found an ornate altar of the Wu Jian Council.
  5956 | D:5      | Entered Level 5 of the Dungeon
  6268 | D:5      | Shot with an arrow by a centaur

Vault maps used:
D:1:      lightli_arrival_statue_moat, minmay_tromino_v4_c
D:2:      first_bread, minmay_divided_ellipse, uniq_crazy_yiuf_cottage
D:3:      small_statue_intersection, dk_noncrumbling_4, minmay_vboxes,
          uniq_jessica, uniq_terence
D:4:      marbit_many_paths, serial_shops, shop, minmay_stone_trees_small
D:5:      overflow_temple_1_default, minmay_overflow_temple_hex

Skill      XL: |  1  2  3  4  5  6 |
---------------+-------------------+-----
Short Blades   | 1 2 3 4 |  4.4
Stealth        | 1 2 3 4 |  4.5
Dodging        | 2 |  2.0
Evocations     | 3 4 5 |  5.3
Fighting       | |  0.8
Staves         | |  0.1

Action                   |  1- 3 |  4- 6 |  7- 9 || total
-------------------------+-------+-------+-------++-------
Melee: Short sword       |   157 |   308 |    73 ||   538
       Quarterstaff      |       |    19 |       ||    19
Evoke: Wand              |     1 |    45 |     6 ||    52
  Use: Potion            |     1 |     3 |     1 ||     5
       Scroll            |       |    14 |       ||    14
 Stab: Sleeping          |     4 |     9 |       ||    13
  Eat: Chunk             |     3 |     2 |       ||     5
       Meat ration       |       |     1 |       ||     1
       Fruit             |       |     2 |       ||     2
       Bread ration      |       |     1 |       ||     1
       Royal jelly       |       |     1 |       ||     1
Armor: Leather armour    |    69 |   109 |    16 ||   194
Dodge: Dodged            |   122 |   219 |    42 ||   383
